 Dungeon Crawl Stone Soup version 0.26-a0-43-g20b394cb32 (webtiles) character file.

Game seed: 2277618162729985683, levelgen mode: classic

558823 EnegeticOcto the Slayer (level 26, -1/181 HPs)
             Began as a Tengu Enchanter on June 1, 2020.
             Was the Champion of Makhleb.
             Slain by a yellow draconian monk (8 damage)
             ... on level 1 of the Realm of Zot on June 2, 2020.
             The game lasted 03:26:15 (85429 turns).

EnegeticOcto the Slayer (Tengu Enchanter)          Turns: 85429, Time: 03:26:15

Health: -1/181     AC: 11    Str: 22    XL:     26   Next: 57%
Magic:  0/38       EV: 24    Int: 16    God:    Makhleb [******]
Gold:   4516       SH:  0    Dex: 19    Spells: 28/29 levels left

rFire    + + .     SeeInvis +   D - +7 sceptre of Torment {pain, torment}
rCold    + . .     Gourm    .   (no shield)
rNeg     + + +     Faith    .   r - +6 scale mail {MR+}
rPois    +         Spirit   +   B - +2 hat
rElec    +         Reflect  .   X - +0 cloak of Bedevilment {rN++ Str+2}
rCorr    .         Harm     .   n - +2 pair of gloves {archery}
MR       ++...                  (boots unavailable)
Stlth    +++.......             P - amulet of guardian spirit
HPRegen  0.40/turn              i - ring of Yliuchie {Wiz rPois rF++ rN+}
MPRegen  0.26/turn              d - ring of the Ant {rElec rC+ Int-2 SInv Stlth+, =R}

@: corroded
A: beak, horns 1, talons 3, thin skeletal structure 1, agile 1, clever 1, high
mp 1, able to fly, sturdy frame 1
}: 3/15 runes: decaying, slimy, gossamer
a: Fly, Minor Destruction, Lesser Servant of Makhleb, Major Destruction, Greater
Servant of Makhleb, Renounce Religion


You were on level 1 of the Realm of Zot.
You worshipped Makhleb.
Makhleb was exalted by your worship.
You were not hungry.

You visited 11 branches of the dungeon, and saw 52 of its levels.
You visited the Abyss 2 times.
You visited 1 bazaar.
You also visited: Ossuary.

You collected 8148 gold pieces.
You spent 3632 gold pieces at shops.

Inventory:

Hand Weapons
 a - a +9 great mace of protection
 b - a +6 longbow of freezing
 w - the +5 demon whip "Spellbinder" {antimagic, MR+}
   (You took it off a deep elf death mage on level 3 of the Elven Halls)

   It reduces the magical energy of the wielder, and disrupts the spells and
   magical abilities of those hit.
   Natural abilities and divine invocations are not affected.
   It affects your resistance to hostile enchantments.
 D - the +7 sceptre of Torment (weapon) {pain, torment}
   (You found it on level 3 of the Depths)

   In the hands of one skilled in necromantic magic, it inflicts extra damage on
   living creatures.
Missiles
 o - 1157 arrows
 J - 6 curare-tipped darts (quivered)
 L - 7 throwing nets {!f}
Armour
 n - a +2 pair of gloves of archery (worn)
 r - a +6 scale mail of magic resistance (worn)
 B - a +2 hat (worn)
 C - a +2 cloak
 X - the +0 cloak of Bedevilment (worn) {rN++ Str+2}
   (You found it on level 2 of the Spider Nest)

   It affects your strength (+2).
   It greatly protects you from negative energy.
Jewellery
 d - the ring of the Ant (right hand) {rElec rC+ Int-2 SInv Stlth+, =R}
   (You found it on level 13 of the Dungeon)

   [ring of see invisible]

   It affects your intelligence (-2).
   It protects you from cold.
   It insulates you from electricity.
   It lets you see invisible.
   It makes you more stealthy.
 h - an uncursed ring of resist corrosion
 i - the ring of Yliuchie (left hand) {Wiz rPois rF++ rN+}
   (You found it on level 5 of the Pits of Slime)

   [ring of wizardry]

   It improves your spell success rate.
   It greatly protects you from fire.
   It protects you from poison.
   It protects you from negative energy.
 P - an amulet of guardian spirit (around neck)
Wands
 j - a wand of paralysis (15)
 m - a wand of enslavement (30)
 E - a wand of digging (18) {@v3}
 Q - a wand of iceblast (24) {@v2}
 U - a wand of acid (25) {@v1}
 V - a wand of clouds (14)
 Y - a wand of polymorph (43)
Scrolls
 c - 21 scrolls of teleportation {@r3 !r}
 f - 7 scrolls of magic mapping {@r5 !r}
 g - 11 scrolls of identify {@r1}
 q - a scroll of holy word
 s - 3 scrolls of vulnerability
 u - 5 scrolls of fear {!r}
 H - 6 scrolls of immolation
 I - 10 scrolls of blinking {@r4}
 M - 7 scrolls of enchant armour
 O - 8 scrolls of fog {!r}
 Z - a scroll of summoning
Potions
 k - 17 potions of curing {@q1 !q}
 p - 12 potions of might {@q3 !q}
 v - 8 potions of cancellation
 z - 9 potions of magic
 A - 10 potions of ambrosia
 K - 8 potions of lignification {@q6}
 N - 5 potions of mutation
 R - 2 potions of berserk rage
 S - 4 potions of invisibility
 T - 5 potions of haste {@q4 !q}
 W - 2 potions of resistance
Miscellaneous
 l - 3 boxes of beasts
 t - a tin of tremorstones (1/3)
 y - a phial of floods
 G - 2 phantom mirrors
Comestibles
 e - 48 rations


   Skills:
 + Level 22.9 Fighting
   Level 1.1 Short Blades
 - Level 20.0 Maces & Flails
 - Level 20.0 Bows
 - Level 16.3 Armour
 - Level 16.9 Dodging
 - Level 3.0 Stealth
 - Level 2.0 Spellcasting
   Level 2.1 Hexes
 - Level 14.0 Invocations
 - Level 15.0 Evocations


You had 28 spell levels left.
You knew the following spells:

 Your Spells              Type           Power        Failure   Level  Hunger
a - Apportation           Tloc           #.....       12%         1    #......

Your spell library contained the following spells:

 Spells                   Type           Power        Failure   Level  Hunger
 Corona                   Hex            #......      5%          1    #......
 Slow                     Hex            #.......     8%          2    ###....
 Animate Skeleton         Necr           N/A          12%         1    #......
 Beastly Appendage        Tmut           #.....       12%         1    #......
 Foxfire                  Conj/Fire      #...         12%         1    #......
 Infusion                 Chrm           #...         12%         1    #......
 Pain                     Necr           #...         12%         1    #......
 Sandblast                Erth           #.....       12%         1    #......
 Shock                    Conj/Air       #...         12%         1    #......
 Summon Butterflies       Summ           #.......     12%         1    #......
 Summon Small Mammal      Summ           #...         12%         1    #......
 Ensorcelled Hibernation  Hex/Ice        #.....       12%         2    ###....
 Confusing Touch          Hex            #.......     16%         3    ###....
 Tukima's Dance           Hex            #.......     16%         3    ###....
 Blink                    Tloc           N/A          19%         2    ###....
 Call Imp                 Summ           #.......     19%         2    ###....
 Corpse Rot               Necr/Air       N/A          19%         2    ###....
 Passwall                 Tmut/Erth      #.......     19%         2    ###....
 Shroud of Golubria       Chrm/Tloc      #.....       19%         2    ###....
 Song of Slaying          Chrm           #.......     19%         2    ###....
 Sticks to Snakes         Tmut           #.......     19%         2    ###....
 Sublimation of Blood     Necr           #.........   19%         2    ###....
 Swiftness                Chrm/Air       #.......     19%         2    ###....
 Dazzling Flash           Conj/Hex       #.....       24%         3    ###....
 Inner Flame              Hex/Fire       #.......     24%         3    ###....
 Portal Projectile        Hex/Tloc       #.....       24%         3    ###....
 Spectral Weapon          Hex/Chrm       #.......     24%         3    ###....
 Summon Guardian Golem    Hex/Summ       #.......     24%         3    ###....
 Call Canine Familiar     Summ           #.......     34%         3    ###....
 Conjure Flame            Conj/Fire      #.......     34%         3    ###....
 Frozen Ramparts          Ice            #.....       34%         3    ###....
 Gell's Gravitas          Tloc           #.........   34%         3    ###....
 Lesser Beckoning         Tloc           #.........   34%         3    ###....
 Ozocubu's Armour         Chrm/Ice       #.......     34%         3    ###....
 Spider Form              Tmut/Pois      #.........   34%         3    ###....
 Static Discharge         Conj/Air       #.......     34%         3    ###....
 Stone Arrow              Conj/Erth      #.....       34%         3    ###....
 Teleport Other           Tloc           #.......     34%         3    ###....
 Vampiric Draining        Necr           #.........   34%         3    ###....
 Cause Fear               Hex            #.........   43%         4    #####..
 Leda's Liquefaction      Hex/Erth       #.........   58%         4    #####..
 Airstrike                Air            #.........   73%         4    #####..
 Animate Dead             Necr           N/A          73%         4    #####..
 Dispel Undead            Necr           #.......     73%         4    #####..
 Ice Form                 Ice/Tmut       #.......     73%         4    #####..
 Passage of Golubria      Tloc           N/A          73%         4    #####..
 Petrify                  Tmut/Erth      #.......     73%         4    #####..
 Sticky Flame             Conj/Fire      #.......     73%         4    #####..
 Summon Ice Beast         Ice/Summ       #.......     73%         4    #####..
 Summon Lightning Spire   Summ/Air       #.......     73%         4    #####..
 Metabolic Englaciation   Hex/Ice        #.........   89%         5    ######.
 Silence                  Hex/Air        #.........   89%         5    ######.
 Summon Mana Viper        Hex/Summ       #.......     89%         5    ######.
 Yara's Violent Unravell  Hex/Tmut       #.........   89%         5    ######.
 Agony                    Necr           #.......     96%         5    ######.
 Blade Hands              Tmut           #.........   96%         5    ######.
 Bolt of Magma            Conj/Fire/Erth #.........   96%         5    ######.
 Borgnjor's Vile Clutch   Necr/Erth      #.........   96%         5    ######.
 Excruciating Wounds      Chrm/Necr      #.........   96%         5    ######.
 Fireball                 Conj/Fire      #.........   96%         5    ######.
 Lee's Rapid Deconstruct  Erth           #.........   96%         5    ######.
 Lightning Bolt           Conj/Air       #.........   96%         5    ######.
 Summon Demon             Summ           #.........   96%         5    ######.
 Summon Forest            Summ/Tloc      #.........   96%         5    ######.
 Darkness                 Hex            #.........   99%         6    #######
 Death Channel            Necr           #.........   100%        6    #######
 Eringya's Noxious Bog    Tmut/Pois      #.........   100%        6    #######
 Hydra Form               Tmut           #.........   100%        6    #######
 Iron Shot                Conj/Erth      #.........   100%        6    #######
 Shadow Creatures         Summ           N/A          100%        6    #######
 Simulacrum               Ice/Necr       #.........   100%        6    #######
 Statue Form              Tmut/Erth      #........    100%        6    #######
 Dragon Form              Tmut           #.........   100%        7    #######
 Summon Hydra             Summ           #.........   100%        7    #######
 Borgnjor's Revivificati  Necr           #.........   100%        8    #######
 Chain Lightning          Conj/Air       #.........   100%        8    #######
 Discord                  Hex            #.........   100%        8    #######
 Lehudib's Crystal Spear  Conj/Erth      #.........   100%        8    #######
 Absolute Zero            Ice            #.........   100%        9    #######
 Dragon's Call            Summ           #.........   100%        9    #######
 Fire Storm               Conj/Fire      #.........   100%        9    #######
 Shatter                  Erth           #.........   100%        9    #######


Dungeon Overview and Level Annotations

Branches:
Dungeon (15/15)            Temple (0/1) D:6            Lair (6/6) D:10
  Swamp (4/4) Lair:2       Spider (4/4) Lair:2        Slime (5/5) Lair:5
    Orc (2/2) D:12            Elf (3/3) Orc:2        Vaults (4/5) D:14
  Crypt (3/3) Vaults:3       Tomb (0/3) Crypt:3      Depths (5/5) D:15
    Zot (1/5) Depths:5    Ossuary (visited)

Altars:
Dithmenos
Fedhas
Kikubaaqudgha
Makhleb
Vehumet
Xom
Yredelemnul
Beogh
Jiyva
Lugonu

Shops:
D:10 :   Orc:2 ([%=}   Elf:1 (   Elf:2 *   Vaults:1 =   Vaults:4 :(

Portals:
Hell: Depths:1 Depths:2 Depths:3 Depths:5
Abyss: Depths:2 Depths:3 Depths:4
Pandemonium: Depths:3
Ziggurat: Depths:2

Annotations:
Lair:2 3 runed translucent doors, Iguemp's ghost, journeyman GrFE; Sibaitro's ghost, journeyman GnWr; Zuef's ghost, journeyman DEAE; endorz's ghost, journeyman HOFi
Lair:5 1 runed translucent door, Hufinal's ghost, journeyman CeWz
Spider:1 3 runed translucent doors, Annonymus's ghost, adept GrFi
Elf:2 3 runed translucent doors
Vaults:4 1 runed translucent door, Addusyru's ghost, veteran DsFi
Depths:2 exclusions: eye of devastation, 3 shining eyes and 4 more exclusions
Depths:4 Mennas
Depths:5 exclusion: upstairs
Zot:1 exclusion: door


Innate Abilities, Weirdness & Mutations

You have a beak for a mouth.
You have claws for feet.
You can fly continuously.
You have a pair of small horns on your head.
You have a somewhat thin skeletal structure. (Dex +2, Stealth)
You are agile. (Dex +2)
Your mind is acute. (Int +2)
You have an increased reservoir of magic. (+10% MP)
Your movements are slightly less encumbered by armour. (ER -2)


Message History

The burst of rock shards engulfs the moth of wrath!! x2
You kill the moth of wrath!
Makhleb accepts your kill.
You feel better.
The burst of rock shards engulfs the storm dragon.
The burst of rock shards engulfs you.
* * * LOW HITPOINT WARNING * * *
The yellow draconian monk hits you but does no damage.
The yellow draconian monk misses you.
The yellow draconian monk completely misses you.
The black draconian scorcher closely misses you.
The storm dragon barely misses you. The storm dragon closely misses you.
The storm dragon completely misses you.
Really quaff
x - 3 potions of heal wounds {@q2 !q}?
You feel much better.
The yellow draconian monk throws acid at you.
The glob of acid hits you!
* * * LOW HITPOINT WARNING * * *
The acid corrodes you!
You are splashed with acid!
* * * LOW HITPOINT WARNING * * *
The storm dragon barely misses you. The storm dragon misses you.
The storm dragon barely misses you.
The black draconian scorcher completely misses you.
A tentacled monstrosity comes into view.
Okay, then.
Evoke which item? (* to show all) (? for menu, Esc to quit)
Aiming: Iceblast
Press: ? - help, Shift-Dir - straight line, f - yellow draconian monk
Aim: a yellow draconian monk, wearing a +0 cloak (almost dead, catching its breath) That beam is likely to hit you.
Continue anyway?
The mass of ice explodes!
The iceblast engulfs the yellow draconian monk!
The yellow draconian monk is almost dead.
The iceblast engulfs the storm dragon!!
The storm dragon partially resists.
You kill the storm dragon!
Makhleb accepts your kill.
You feel better.
The iceblast engulfs the black draconian scorcher!!
You kill the black draconian scorcher!
Makhleb accepts your kill.
You feel better. The iceblast engulfs you!! You partially resist.
* * * LOW HITPOINT WARNING * * *
The iceblast engulfs the green draconian shifter!
You kill the green draconian shifter!
Makhleb accepts your kill.
You feel better. The yellow draconian monk hits you!
The yellow draconian monk closely misses you.
The yellow draconian monk tail-slaps you.
Okay, then.
The yellow draconian monk throws acid at you.
The glob of acid hits you.
You are splashed with acid!
* * * LOW HITPOINT WARNING * * *
Things that are here:
a +0 rapier; a +0 cloak; a black draconian corpse Evoke which item? (* to show all) (? for menu, Esc to quit)
Aiming: Paralyse
Press: ? - help, Shift-Dir - straight line, f/p - yellow draconian monk
Aim: a yellow draconian monk, wearing a +0 cloak (almost dead, catching its breath, chance to defeat MR: 64%)
The yellow draconian monk resists with significant effort.
The yellow draconian monk hits you!!
* * * LOW HITPOINT WARNING * * *
The yellow draconian monk kicks you.
* * * LOW HITPOINT WARNING * * *
The yellow draconian monk tail-slaps you.
* * * LOW HITPOINT WARNING * * *
Really quaff
x - 2 potions of heal wounds {@q2 !q}?
You feel much better. The yellow draconian monk hits you!
* * * LOW HITPOINT WARNING * * *
The yellow draconian monk kicks you.
* * * LOW HITPOINT WARNING * * *
The yellow draconian monk closely misses you.
The yellow draconian monk misses you.
The yellow draconian monk kicks you but does no damage.
The yellow draconian monk tail-slaps you.
* * * LOW HITPOINT WARNING * * *
Items here: % ) [ รท a +0 dagger; a +0 cloak; 2 chunks of flesh; a black draconian skeleton The yellow draconian monk throws acid at you.
The glob of acid hits you.
* * * LOW HITPOINT WARNING * * *
You are splashed with acid!
* * * LOW HITPOINT WARNING * * *
Okay, then.
Really quaff
x - a potion of heal wounds {@q2 !q}?
You feel much better.
There is a gate leading back out of this place here.
Evoke which item? (* to show all) (? for menu, Esc to quit)
Aiming: Iceblast
Press: ? - help, Shift-Dir - straight line, p - yellow draconian monk The mass of ice explodes!
The iceblast engulfs the tentacled monstrosity!!
The tentacled monstrosity partially resists.
The tentacled monstrosity is lightly wounded.
The iceblast engulfs the yellow draconian monk!
The yellow draconian monk is almost dead.
The yellow draconian monk hits you!!
* * * LOW HITPOINT WARNING * * *
The yellow draconian monk misses you.
The yellow draconian monk tail-slaps you!
You die...

*,* *#)!###.....# *,,,,,
*,* ##.)#......## **,,,,,
*,* ##)........# *,,,,,,
*,* ##....^...#**,,,,,,
*,** #.........**,,,,,,
**,** #X........,*,,,,,,
**,,** #)........,,,,,,,,
*,,,,* #q...#.[..,,,,,,,,
*,,,,** #@...##...,,,,,,,,
**,,,,,**##)..#*#..,,,,,,,,
*,,,*,,,**#)..# *#.,,,,,,,,
*,,,*.,,,*#[).## ***,,,,,,,
**,,*#..,,#....# **,,,,,,
**,**#...##...## **,,,,,
*,,**#........## ***,,,
*,,,*##........#* **,,
**,,**##........#* ***


You could see a tentacled monstrosity and a yellow draconian monk (catching
breath).

Vanquished Creatures
  the Royal Jelly (Slime:5)
  Dissolution (Slime:1)
  A juggernaut (Depths:2)
  Mara (Vaults:4)
  An ancient lich (Crypt:3)
  3 greater mummies (Depths:3)
  Margery (Vaults:3)
  Saint Roka (Orc:2)
  A curse toe (Crypt:3)
  3 golden dragons (Depths:5)
  A bone dragon (Depths:5)
  The ghost of Wuttagracyo the Warrior, an adept HOFi of Fedhas (Elf:2)
  4 tentacled monstrosities
  4 liches
  2 deep elf blademasters (Elf:3)
  A deep elf master archer (Elf:3)
  Asterion (Elf:3)
  18 acid blobs
  The ghost of Fohagg the Devastator, an adept TeWz of Vehumet (Spider:2)
  12 ancient champions
  A tentacled starspawn (Abyss:2)
  2 sphinxes
  Donald (Vaults:3)
  4 thorn hunters
  2 storm dragons
  3 tengu reavers
  Roxanne (Spider:1)
  3 shadow dragons
  10 azure jellies
  8 fire giants
  3 revenants
  An iron dragon (Depths:5)
  3 frost giants
  A draconian knight (Depths:5)
  2 ghost moths (Spider:4)
  5 deep elf sorcerers
  2 balrugs
  15 ghouls
  2 draconian scorchers (Zot:1)
  2 cacodemons (Elf:2)
  9 vault wardens
  5 deep elf elementalists (Elf:3)
  A curse skull (Vaults:3)
  A draconian shifter (Zot:1)
  3 spriggan defenders (Depths:1)
  Louise (Elf:3)
  A draconian stormcaller (Zot:1)
  11 emperor scorpions
  A reaper (Crypt:3)
  9 stone giants
  2 draconian annihilators
  19 very ugly things
  8 ironheart preservers
  The ghost of Soniseqa the Eclecticist, an adept SpEn of Gozag (Spider:2)
  4 caustic shrike skeletons (Crypt:3)
  A white draconian (Zot:1)
  3 entropy weavers (Spider:4)
  9 vampire knights
  4 yellow draconians
  8 deep elf demonologists
  A green draconian (Zot:1)
  6 deep elf annihilators
  3 purple draconians
  A spark wasp (Depths:2)
  4 red draconians
  6 eidola
  2 mummy priests (Depths:3)
  5 death oozes (Slime:5)
  2 jiangshi (Crypt:3)
  7 ettins
  12 fire dragons
  9 deep elf death magi
  A blizzard demon (Depths:2)
  8 yaktaur captains
  Josephine (D:13)
  8 deep elf high priests
  10 great orbs of eyes
  11 hydras
  2 vault guards
  13 ice dragons
  10 ogre magi
  The ghost of Goumeb the Cleaver, a journeyman MiFi of Hepliaklqana (D:13)
  3 spriggan air magi
  6 rakshasas
  2 quicksilver dragon skeletons
  4 catoblepae
  A merfolk avatar (Abyss:2)
  An anaconda (Swamp:4)
  4 death knights
  Erica (D:11)
  12 centaur warriors
  A ghost crab (Swamp:2)
  4 deep troll shamans
  A shambling mangrove (Swamp:2)
  9 alligators
  6 death yaks (Lair:6)
  25 two-headed ogres
  10 dancing weapons
  5 deep troll earth magi
  3 thrashing horrors (Abyss:2)
  4 tengu warriors
  9 vampire magi
  3 spriggan berserkers
  A titan zombie (Abyss:2)
  2 soul eaters
  14 deep elf knights
  3 wretched stars (Abyss:2)
  5 sun demons
  4 iron trolls
  31 skeletal warriors
  2 shadow wraiths
  A sixfirhy (Abyss:2)
  7 unseen horrors
  34 hell knights
  A storm dragon zombie (Crypt:1)
  15 deep trolls
  3 titan skeletons (Crypt:3)
  A deep troll (shapeshifter) (Elf:2)
  16 large abominations
  A spatial maelstrom (Abyss:2)
  3 spriggan druids
  2 unseen horrors (shapeshifter)
  5 glowing orange brains
  3 flayed ghosts
  8 wizards
  3 swamp dragons
  An anaconda zombie (Crypt:1)
  13 phantasmal warriors
  11 orc knights
  10 ironbrand convokers
  A lindwurm (shapeshifter) (Elf:2)
  12 deep elf archers
  17 necromancers
  3 anaconda skeletons (Crypt:3)
  A harpy (shapeshifter) (Vaults:4)
  2 golden dragon skeletons (Crypt:3)
  A wolf spider zombie (D:14)
  51 deep elf magi
  An iron giant skeleton (Crypt:2)
  60 ugly things
  7 cyclopes
  A frost giant zombie (Crypt:1)
  38 wolf spiders
  2 fauns (Abyss:2)
  An oklob plant (Lair:1)
  11 orb spiders
  3 orc sorcerers
  A fire giant zombie (Crypt:1)
  2 shadow dragon skeletons (Crypt:3)
  3 shining eyes
  5 harpies (Vaults:1)
  6 manticores
  A salamander (Depths:4)
  A salamander (shapeshifter) (Elf:2)
  A guardian serpent (Abyss:2)
  A fire giant skeleton (Crypt:3)
  A frost giant skeleton (Crypt:3)
  3 moths of wrath
  A stone giant skeleton (Crypt:3)
  13 vault sentinels
  4 elephants
  9 black mambas
  A shock serpent skeleton (Crypt:1)
  An eye of devastation (Slime:5)
  An orange demon (Abyss:2)
  2 torpor snails
  A spiny frog (shapeshifter) (Vaults:1)
  A red draconian zombie (Crypt:2)
  A smoke demon (Elf:1)
  10 spiny frogs
  3 dire elephant skeletons
  2 kobold demonologists
  A yellow draconian zombie (Crypt:1)
  8 komodo dragons
  2 rime drakes
  13 freezing wraiths
  A komodo dragon (shapeshifter) (Vaults:2)
  A yaktaur (shapeshifter) (Elf:2)
  9 demonic crawlers
  An ancient zyme (Abyss:2)
  A tormentor (Abyss:2)
  47 yaktaurs
  A yellow draconian skeleton (Crypt:3)
  A green draconian skeleton (Crypt:2)
  A tyrant leech (shapeshifter) (Elf:2)
  A guardian mummy (Crypt:1)
  A queen bee (Spider:2)
  3 meliai
  5 ice devils
  2 tengu conjurers (Depths:1)
  A white draconian skeleton (Crypt:3)
  2 polar bears
  4 trolls
  A wind drake (shapeshifter) (Elf:2)
  A troll (shapeshifter) (Vaults:1)
  33 jumping spiders
  13 tyrant leeches
  12 hippogriffs
  16 hornets
  6 bog bodies
  A hornet (shapeshifter) (Depths:3)
  8 blink frogs
  A harpy skeleton (Crypt:3)
  A fire giant simulacrum (Crypt:1)
  An ice dragon zombie (Crypt:2)
  2 hydra skeletons (Crypt:2)
  5 raiju (Abyss:2)
  88 slime creatures
  A guardian serpent zombie (Crypt:3)
  A hippogriff (shapeshifter) (Vaults:4)
  3 ettin skeletons
  3 shadows
  2 tarantellas (shapeshifter)
  Sigmund (D:3)
  A fire dragon skeleton (Crypt:3)
  A redback (shapeshifter) (Vaults:1)
  74 redbacks
  10 spriggans
  A vampire (D:13)
  14 wraiths
  A ynoxinul (Abyss:2)
  25 tarantellas
  2 air elementals (Elf:3)
  An alligator skeleton (Crypt:1)
  5 water elementals
  5 wyverns
  2 steam dragons (D:8)
  A fire bat (Abyss:2)
  42 yaks
  18 humans (D:14)
  Eustachio (D:5)
  A steam dragon (shapeshifter) (Elf:2)
  A yak (shapeshifter) (Abyss:2)
  2 basilisks
  6 hungry ghosts
  A black mamba skeleton (Crypt:1)
  A redback simulacrum (D:15)
  5 fire elementals
  14 vampire mosquitoes
  13 wargs
  2 chaos spawn (Abyss:2)
  A torturous demonspawn zombie (Crypt:1)
  4 acid dragons
  18 insubstantial wisps
  3 swamp worm simulacra (Swamp:4)
  2 nagas (Abyss:2)
  14 swamp worms
  22 water moccasins
  A water nymph skeleton (Crypt:2)
  2 hell hounds (Orc:1)
  13 hydra simulacra (Swamp:4)
  A floating eye (Depths:5)
  11 porcupines
  A sky beast (shapeshifter) (Depths:2)
  4 black bears
  13 ice beasts
  64 orc warriors
  9 eyes of draining
  3 swamp drakes
  8 necrophages
  3 phantoms
  6 sky beasts
  A hog zombie (Crypt:1)
  An eye of draining (shapeshifter) (Vaults:1)
  2 torpor snail zombies
  A centaur (shapeshifter) (Vaults:2)
  14 boggarts
  33 centaurs
  36 ogres
  2 snapping turtle skeletons (Crypt:3)
  3 wolves (Lair:2)
  A crocodile (shapeshifter) (Elf:3)
  A manticore skeleton (Crypt:1)
  4 big kobolds
  21 crocodiles
  12 bullfrogs
  2 elf zombies (Ossuary)
  A gnoll sergeant (D:10)
  A wyvern zombie (D:12)
  3 earth elementals
  10 scorpions
  A water moccasin skeleton (D:8)
  15 killer bees
  28 wights
  A yak skeleton (Crypt:3)
  2 electric eels
  A howler monkey (D:12)
  9 small abominations
  14 crimson imps
  7 centaur zombies
  2 human simulacra
  24 orc wizards
  5 quasits
  Crazy Yiuf (D:4)
  4 hounds
  6 jellies
  20 orc priests
  9 centaur skeletons
  2 human zombies (Crypt:1)
  5 bullfrog skeletons
  7 iguanas
  An iron imp (Abyss:2)
  2 human skeletons (Crypt:1)
  Terence (D:3)
  6 worker ants
  2 big kobold zombies (Ossuary)
  A deep dwarf skeleton (Crypt:1)
  A naga skeleton (Crypt:2)
  A hound zombie (Crypt:3)
  2 hound skeletons
  Robin (D:4)
  7 mummies
  12 gnolls
  A scorpion zombie (Crypt:3)
  12 adders
  5 shadow imps
  8 white imps
  An ufetubus (Abyss:2)
  6 oozes
  4 swamp drake simulacra (Swamp:4)
  An adder zombie (D:7)
  2 adder skeletons
  A halfling skeleton (Crypt:2)
  9 worms
  2 dart slugs
  3 leopard geckos
  134 orcs
  5 ball pythons (Swamp:4)
  6 giant cockroaches
  14 goblins
  11 hobgoblins
  2 jackals (D:10)
  11 kobolds
  2 quokkas
  11 bats
  6 frilled lizards
  A goblin zombie (Ossuary)
  8 hobgoblin zombies
  A jackal zombie (Crypt:1)
  A kobold skeleton (Crypt:3)
  10 kobold zombies (Ossuary)
  3 leopard gecko skeletons
  10 orc zombies (Ossuary)
  4 rats
  4 rat zombies (Ossuary)
  A bush (Lair:1)
  4 starspawn tentacles (Abyss:2)
2367 creatures vanquished.

Vanquished Creatures (collateral kills)
  The ghost of Firghe Cugemm the Eclecticist, an adept OpWz of Sif Muna (Spider:2)
  2 liches (D:13)
  Rupert (Lair:5)
  A deep elf sorcerer (Elf:3)
  The ghost of Soniseqa the Eclecticist, an adept SpEn of Gozag (Spider:2)
  A spark wasp (Spider:4)
  A hydra (Lair:1)
  A skeletal warrior (Crypt:1)
  An orc knight (Vaults:3)
  An orc sorcerer (Vaults:3)
  A black mamba (Lair:3)
  An elephant (Lair:5)
  2 moths of wrath (Spider:4)
  A spiny frog (Lair:5)
  A slime creature (Lair:4)
  A hippogriff (Lair:1)
  2 basilisks (D:10)
  A swamp worm (Swamp:2)
  A water moccasin (Lair:5)
  An orc warrior (Vaults:3)
  A swamp drake (Swamp:2)
  A bullfrog (Lair:5)
  6 killer bees
  2 orcs (D:8)
33 creatures vanquished.

Vanquished Creatures (others)
  the Enchantress (Depths:1)
  A ghost moth (Spider:4)
  A deep elf high priest (Elf:3)
  A ghost crab (Swamp:4)
  A deep elf knight (Vaults:3)
  A sun demon (Depths:2)
  2 deep elf magi
  A tyrant leech (Swamp:2)
  A slime creature (Swamp:2)
  An air elemental (Elf:3)
  A steam dragon (D:15)
  A swamp worm (Swamp:3)
  2 orc wizards
  A swamp drake simulacrum (Swamp:4)
  3 fungi (Lair:6)
  2 lurking horrors (Abyss:2)
  7 plants
  A starspawn tentacle (Abyss:2)
29 creatures vanquished.

Grand Total: 2429 creatures vanquished

Notes
Turn   | Place    | Note
-------+----------+-------------------------------------------
     0 | D:1      | EnegeticOcto the Tengu Enchanter began the quest for the
                  | Orb.
     0 | D:1      | Reached XP level 1. HP: 10/10 MP: 4/4
   434 | D:1      | Reached skill level 1 in Fighting
   580 | D:1      | Reached XP level 2. HP: 15/16 MP: 6/6
   965 | D:1      | Reached skill level 2 in Fighting
  1381 | D:1      | Reached XP level 3. HP: 22/22 MP: 7/7
  1538 | D:2      | Reached skill level 3 in Fighting
  2081 | D:2      | Reached XP level 4. HP: 20/28 MP: 8/8
  2415 | D:2      | Found a burning altar of Makhleb.
  2427 | D:2      | Reached skill level 4 in Fighting
  2434 | D:2      | Became a worshipper of Makhleb the Destroyer
  2741 | D:2      | Gained mutation: You can fly continuously. [Tengu growth]
  2741 | D:2      | Reached XP level 5. HP: 34/34 MP: 9/9
  3046 | D:3      | Found a radiant altar of Vehumet.
  3200 | D:3      | Noticed Terence
  3226 | D:3      | Killed Terence
  3226 | D:3      | Reached skill level 1 in Invocations
  3388 | D:3      | Noticed Sigmund
  3421 | D:4      | Found a sand-covered staircase.
  3527 | Ossuary  | Entered an ossuary
  3539 | Ossuary  | Reached * piety under Makhleb
  3707 | Ossuary  | Reached skill level 5 in Fighting
  3707 | Ossuary  | Reached skill level 2 in Invocations
  3707 | Ossuary  | Reached XP level 6. HP: 26/40 MP: 10/10
  3724 | Ossuary  | Reached ** piety under Makhleb
  3868 | Ossuary  | Reached skill level 3 in Invocations
  4046 | Ossuary  | Reached skill level 4 in Invocations
  4202 | D:4      | Reached XP level 7. HP: 42/44 MP: 11/11
  4363 | D:4      | Found a runed translucent door.
  4364 | D:4      | Noticed Crazy Yiuf
  4565 | D:4      | Reached skill level 5 in Invocations
  4587 | D:4      | Reached *** piety under Makhleb
  4619 | D:4      | Noticed Robin
  4630 | D:4      | Killed Robin
  5230 | D:4      | Killed Crazy Yiuf
  5325 | D:5      | Entered Level 5 of the Dungeon
  5384 | D:5      | Reached skill level 6 in Invocations
  5416 | D:5      | Reached XP level 8. HP: 39/49 MP: 13/13
  5536 | D:5      | Found a blossoming altar of Fedhas.
  5783 | D:5      | Reached skill level 6 in Fighting
  6283 | D:5      | Noticed Eustachio
  6353 | D:5      | Killed Eustachio
  6353 | D:5      | Reached skill level 7 in Fighting
  6769 | D:6      | Found a staircase to the Ecumenical Temple.
  7030 | D:6      | Reached **** piety under Makhleb
  7182 | D:6      | Got a faintly humming leather armour
  7518 | D:7      | Reached skill level 8 in Fighting
  8054 | D:7      | Reached skill level 9 in Fighting
  8054 | D:7      | Reached XP level 9. HP: 60/60 MP: 14/14
  8728 | D:3      | Killed Sigmund
  8728 | D:3      | Reached skill level 1 in Bows
  8806 | D:3      | Found a shadowy altar of Dithmenos.
  9008 | D:8      | Reached skill level 2 in Bows
  9468 | D:8      | Reached skill level 3 in Bows
  9611 | D:8      | Reached skill level 10 in Fighting
  9968 | D:8      | Reached skill level 1 in Armour
 10033 | D:8      | Reached skill level 3 in Dodging
 10108 | D:8      | Reached skill level 2 in Armour
 10119 | D:8      | Reached skill level 4 in Bows
 10347 | D:8      | Reached skill level 3 in Armour
 10347 | D:8      | Reached skill level 4 in Dodging
 10424 | D:8      | Reached skill level 5 in Bows
 10424 | D:8      | Reached XP level 10. HP: 68/68 MP: 15/15
 10500 | D:8      | Reached skill level 4 in Armour
 10648 | D:8      | Reached skill level 1 in Evocations
 10704 | D:8      | Reached ***** piety under Makhleb
 11210 | D:9      | Reached skill level 2 in Evocations
 11426 | D:9      | Noticed a two-headed ogre
 11594 | D:9      | Killed a two-headed ogre
 11594 | D:9      | Reached skill level 6 in Bows
 11751 | D:9      | Reached skill level 3 in Evocations
 12636 | D:9      | Reached skill level 7 in Invocations
 12847 | D:10     | Entered Level 10 of the Dungeon
 13125 | D:10     | Reached skill level 7 in Bows
 13141 | D:10     | Reached skill level 4 in Evocations
 13143 | D:10     | Reached XP level 11. HP: 54/73 MP: 14/17
 13609 | D:10     | Reached skill level 11 in Fighting
 13905 | D:10     | Found Hemapon's Book Boutique.
 13952 | D:10     | Reached skill level 5 in Evocations
 14194 | D:10     | Found a staircase to the Lair.
 14644 | Lair:1   | Entered Level 1 of the Lair of Beasts
 14658 | Lair:1   | Noticed a six-headed hydra
 14664 | Lair:1   | Killed a six-headed hydra
 14664 | Lair:1   | Reached skill level 8 in Bows
 14793 | Lair:1   | Reached skill level 8 in Invocations
 15605 | Lair:1   | Reached skill level 6 in Evocations
 15630 | Lair:1   | Noticed an oklob plant
 16335 | Lair:2   | Found a runed translucent gate.
 16335 | Lair:2   | Found a runed translucent gate.
 16336 | Lair:2   | Found a runed translucent gate.
 16336 | Lair:2   | Noticed Zuef's ghost (journeyman DEAE)
 16337 | Lair:2   | Noticed Iguemp's ghost (journeyman GrFE)
 16337 | Lair:2   | Noticed endorz's ghost (journeyman HOFi)
 16338 | Lair:2   | Noticed Iguemp's ghost (journeyman GrFE)
 16338 | Lair:2   | Noticed Sibaitro's ghost (journeyman GnWr)
 16410 | Lair:2   | Reached skill level 9 in Bows
 16423 | Lair:2   | Reached XP level 12. HP: 80/80 MP: 19/19
 16605 | Lair:2   | Found a hole to the Spider Nest.
 17046 | Lair:2   | Reached skill level 12 in Fighting
 17495 | Lair:3   | Reached skill level 9 in Invocations
 18258 | Lair:3   | Noticed a five-headed hydra
 18396 | Lair:3   | Killed a five-headed hydra
 18507 | Lair:3   | Identified the +1 leather armour of Liberty {rF+} (You
                  | found it on level 6 of the Dungeon)
 18522 | Lair:3   | Got a pitted scale mail
 19101 | Lair:4   | Reached skill level 5 in Dodging
 19112 | Lair:4   | Reached skill level 5 in Armour
 19146 | Lair:4   | Reached skill level 10 in Bows
 19192 | Lair:4   | Noticed Urug
 19205 | Lair:4   | Noticed Urug
 19205 | Lair:4   | Urug changed into Urug the shock serpent
 19209 | Lair:4   | Noticed Urug
 19209 | Lair:4   | Urug the shock serpent changed into Urug the slime creature
 19213 | Lair:4   | Killed Urug the slime creature
 19609 | Lair:4   | Reached skill level 1 in Maces & Flails
 20210 | Lair:5   | Found a viscous altar of Jiyva.
 20211 | Lair:5   | Found a staircase to the Slime Pits.
 20688 | Lair:5   | Reached skill level 2 in Maces & Flails
 20740 | Lair:5   | Noticed a six-headed hydra
 20758 | Lair:5   | Killed a six-headed hydra
 20758 | Lair:5   | Reached skill level 6 in Armour
 20758 | Lair:5   | Reached skill level 6 in Dodging
 20759 | Lair:5   | Noticed a five-headed hydra
 20988 | Lair:5   | Reached XP level 13. HP: 62/86 MP: 17/21
 21113 | Lair:5   | Reached skill level 3 in Maces & Flails
 21119 | Lair:5   | Noticed Rupert
 21138 | Lair:5   | Killed Rupert
 21194 | Lair:4   | Reached skill level 4 in Maces & Flails
 21406 | Lair:5   | Reached skill level 10 in Invocations
 21721 | Lair:5   | Found a runed translucent door.
 21721 | Lair:5   | Noticed Hufinal's ghost (journeyman CeWz)
 22180 | Lair:6   | Entered Level 6 of the Lair of Beasts
 22251 | Lair:6   | Reached skill level 5 in Maces & Flails
 22313 | Lair:6   | Reached skill level 7 in Armour
 22345 | Lair:6   | Reached skill level 7 in Dodging
 22992 | Lair:6   | Reached skill level 6 in Maces & Flails
 23341 | Lair:6   | Reached skill level 7 in Maces & Flails
 23873 | Lair:6   | Reached skill level 8 in Armour
 23873 | Lair:6   | Reached skill level 8 in Dodging
 23877 | Lair:6   | Reached skill level 8 in Maces & Flails
 24147 | Lair:6   | Reached skill level 9 in Maces & Flails
 24147 | Lair:6   | Reached XP level 14. HP: 81/92 MP: 18/22
 24469 | Lair:6   | Reached skill level 9 in Dodging
 25309 | D:11     | Reached skill level 10 in Maces & Flails
 25426 | D:11     | Noticed Erica
 25435 | D:11     | Killed Erica
 26252 | D:12     | Reached skill level 11 in Maces & Flails
 26527 | D:12     | Reached skill level 10 in Dodging
 26549 | D:12     | Identified the +4 scale mail "Resixax" {Regen+} (You found
                  | it on level 3 of the Lair of Beasts)
 26558 | D:12     | Found a staircase to the Orcish Mines.
 26841 | D:13     | Found a runed translucent gate.
 27117 | D:13     | Reached ****** piety under Makhleb
 27133 | D:13     | Found a runed translucent gate.
 27134 | D:13     | Found an ancient bone altar of Kikubaaqudgha.
 27134 | D:13     | Noticed a lich
 27134 | D:13     | Noticed a lich
 27134 | D:13     | Noticed a lich
 27135 | D:13     | Found a runed translucent gate.
 27135 | D:13     | Noticed Goumeb's ghost (journeyman MiFi)
 27135 | D:13     | Noticed a lich
 27246 | D:13     | Reached skill level 12 in Maces & Flails
 27603 | D:13     | Reached skill level 13 in Maces & Flails
 27616 | D:13     | Noticed Josephine
 27627 | D:13     | Killed Josephine
 28362 | D:14     | Reached XP level 15. HP: 88/96 MP: 20/23
 28666 | D:14     | Reached skill level 14 in Maces & Flails
 28807 | D:14     | Found a gate to the Vaults.
 28926 | D:15     | Entered Level 15 of the Dungeon
 29512 | D:15     | Reached skill level 15 in Maces & Flails
 29801 | Orc:1    | Entered Level 1 of the Orcish Mines
 29801 | Orc:1    | Found a roughly hewn altar of Beogh.
 30513 | Orc:1    | Found a dark tunnel.
 30548 | Orc:2    | Entered Level 2 of the Orcish Mines
 30637 | Orc:2    | Found Kerghih's Food Emporium.
 31433 | Orc:2    | Found a roughly hewn altar of Beogh.
 31466 | Orc:2    | Found Eskuats's Antique Weapon Shoppe.
 31466 | Orc:2    | Found Cyuguf's Armour Boutique.
 31471 | Orc:2    | Noticed Saint Roka
 31549 | Orc:2    | Reached skill level 16 in Maces & Flails
 31852 | Orc:2    | Killed Saint Roka
 32135 | Orc:2    | Found Hituda Pier's Jewellery Shoppe.
 32135 | Orc:2    | Found Feypoler's Gadget Boutique.
 32262 | Orc:2    | Found a staircase to the Elven Halls.
 32642 | Orc:2    | Bought a +2 hat for 208 gold pieces
 32679 | Orc:2    | Bought a tin of tremorstones (3/3) for 560 gold pieces
 32679 | Orc:2    | Bought a phial of floods for 560 gold pieces
 32689 | Orc:2    | Bought a +4 ring of protection for 504 gold pieces
 32893 | D:15     | Reached skill level 17 in Maces & Flails
 33263 | D:15     | Reached XP level 16. HP: 101/101 MP: 24/24
 33684 | Lair:2   | Found a staircase to the Swamp.
 34021 | D:13     | Killed a lich
 34026 | D:13     | Killed a lich
 34026 | D:13     | Killed a lich
 34032 | D:13     | Killed a lich
 34032 | D:13     | Reached skill level 18 in Maces & Flails
 34034 | D:13     | Killed Goumeb's ghost
 34043 | D:13     | Identified the +0 hat of the Echidna {rPois rC- Str+3} (You
                  | found it on level 13 of the Dungeon)
 34047 | D:13     | Got a steaming copper ring
 34048 | D:13     | Identified the ring "Sekhyotz" {Ice *Contam +Fly Int+4
                  | Dex+2} (You found it on level 13 of the Dungeon)
 34063 | D:13     | Got a clouded pewter ring
 34247 | Swamp:1  | Entered Level 1 of the Swamp
 35285 | Swamp:2  | Noticed a thorn hunter
 35300 | Swamp:2  | Killed a thorn hunter
 36068 | Swamp:3  | Noticed a thorn hunter
 36080 | Swamp:3  | Killed a thorn hunter
 36471 | Swamp:3  | Reached skill level 11 in Bows
 36729 | Swamp:3  | Found a shimmering altar of Xom.
 36911 | Swamp:4  | Entered Level 4 of the Swamp
 36911 | Swamp:4  | Noticed a thorn hunter
 37024 | Spider:1 | Entered Level 1 of the Spider Nest
 37024 | Spider:1 | Noticed Roxanne
 37085 | Spider:1 | Found a runed translucent gate.
 37085 | Spider:1 | Found a runed translucent gate.
 37490 | Spider:1 | Reached skill level 7 in Evocations
 37667 | Spider:1 | Reached XP level 17. HP: 103/108 MP: 21/25
 37775 | Spider:1 | Found a runed translucent gate.
 37778 | Spider:1 | Noticed Annonymus's ghost (adept GrFi)
 37809 | Spider:1 | Killed Roxanne
 37944 | Spider:2 | Reached skill level 9 in Armour
 38054 | Spider:2 | Identified the ring of the Ant {rElec rC+ Int-2 SInv
                  | Stlth+} (You found it on level 13 of the Dungeon)
 38669 | Spider:2 | Found a runed translucent gate.
 38669 | Spider:2 | Found a runed translucent gate.
 38670 | Spider:2 | Found a runed translucent gate.
 38671 | Spider:2 | Noticed Fohagg's ghost (adept TeWz)
 38671 | Spider:2 | Noticed Soniseqa's ghost (adept SpEn)
 38672 | Spider:2 | Noticed Firghe Cugemm's ghost (adept OpWz)
 38672 | Spider:2 | Noticed Soniseqa's ghost (adept SpEn)
 38678 | Spider:2 | Found the +6 lightning scales {run, rElec}
 39464 | Spider:2 | Reached skill level 19 in Maces & Flails
 40028 | Spider:3 | Reached skill level 11 in Dodging
 41014 | Spider:4 | Entered Level 4 of the Spider Nest
 41305 | Spider:4 | Upgraded the game from 0.26-a0-40-gfe7b5d5a6f to
                  | 0.26-a0-43-g20b394cb32
 41951 | Spider:3 | Reached skill level 8 in Evocations
 42446 | Spider:4 | Reached skill level 11 in Invocations
 42677 | Spider:4 | Reached skill level 10 in Armour
 42774 | Spider:4 | Reached XP level 18. HP: 90/113 MP: 19/27
 43144 | Spider:4 | Reached skill level 12 in Bows
 43655 | Spider:4 | Reached skill level 13 in Fighting
 44216 | Spider:4 | Got a gossamer rune of Zot
 46123 | Swamp:4  | Reached skill level 20 in Maces & Flails
 46730 | Swamp:4  | Got a decaying rune of Zot
 47076 | Elf:1    | Entered Level 1 of the Elven Halls
 47134 | Elf:1    | Reached skill level 12 in Dodging
 47189 | Elf:1    | Found Gifirac's Weapon Shoppe.
 47250 | Elf:1    | Reached skill level 9 in Evocations
 47409 | Elf:1    | Cast into level 2 of the Abyss (a deep elf sorcerer)
 47485 | Elf:1    | Escaped the Abyss
 48139 | Elf:1    | Identified the Handbook of Entrancing Toxins
 48294 | Elf:1    | Reached skill level 11 in Armour
 48342 | Elf:1    | Reached XP level 19. HP: 101/120 MP: 25/28
 48746 | Elf:2    | Paralysed by an orc sorcerer for 3 turns
 48967 | Elf:2    | Found a runed translucent gate.
 48970 | Elf:2    | Found a runed translucent gate.
 48971 | Elf:2    | Found a runed translucent gate.
 48987 | Elf:2    | Found Loniw's Assorted Antiques.
 49039 | Elf:2    | Bought a potion of mutation for 176 gold pieces
 49039 | Elf:2    | Bought a scroll of immolation for 77 gold pieces
 49039 | Elf:2    | Bought a wand of iceblast (8) for 88 gold pieces
 49211 | Elf:2    | Found a runed translucent gate.
 49211 | Elf:2    | Found a runed translucent gate.
 49211 | Elf:2    | Found a runed translucent gate.
 49212 | Elf:2    | Noticed a tentacled monstrosity
 49214 | Elf:2    | Noticed a tentacled monstrosity
 49217 | Elf:2    | Noticed a tentacled monstrosity
 49331 | Elf:2    | Killed a tentacled monstrosity
 49340 | Elf:2    | Killed a tentacled monstrosity
 49459 | Elf:2    | Found a runed translucent gate.
 49459 | Elf:2    | Found a runed translucent gate.
 49473 | Elf:2    | Found a runed translucent gate.
 49475 | Elf:2    | Noticed Wuttagracyo's ghost (adept HOFi)
 49485 | Elf:2    | Gained mutation: Scrolls take you a little longer to read.
                  | [potion of mutation]
 49485 | Elf:2    | Gained mutation: Your body sometimes deteriorates upon
                  | taking damage. [potion of mutation]
 49485 | Elf:2    | Gained mutation: You have a somewhat thin skeletal
                  | structure. (Dex +2, Stealth) [potion of mutation]
 49486 | Elf:2    | Lost mutation: You have a somewhat thin skeletal structure.
                  | (Dex +2, Stealth) [potion of mutation]
 49486 | Elf:2    | Lost mutation: Scrolls take you a little longer to read.
                  | [potion of mutation]
 49486 | Elf:2    | Lost mutation: Your body sometimes deteriorates upon taking
                  | damage. [potion of mutation]
 49486 | Elf:2    | Gained mutation: Scrolls take you a little longer to read.
                  | [potion of mutation]
 49486 | Elf:2    | Gained mutation: You have a pair of small antennae on your
                  | head. [potion of mutation]
 49487 | Elf:2    | Lost mutation: Scrolls take you a little longer to read.
                  | [potion of mutation]
 49487 | Elf:2    | Lost mutation: You have a pair of small antennae on your
                  | head. [potion of mutation]
 49487 | Elf:2    | Gained mutation: Scrolls take you a little longer to read.
                  | [potion of mutation]
 49487 | Elf:2    | Gained mutation: You have a pair of small horns on your
                  | head. [potion of mutation]
 49487 | Elf:2    | Gained mutation: You are occasionally teleported next to
                  | monsters. [potion of mutation]
 49487 | Elf:2    | Gained mutation: Your movements are slightly less
                  | encumbered by armour. (ER -2) [potion of mutation]
 49494 | Elf:2    | Reached skill level 13 in Bows
 49508 | Elf:2    | Killed Wuttagracyo's ghost
 49508 | Elf:2    | Reached skill level 12 in Invocations
 49514 | Elf:2    | Learned a level 1 spell: Apportation
 49536 | Elf:2    | Lost mutation: Scrolls take you a little longer to read.
                  | [potion of mutation]
 49536 | Elf:2    | Lost mutation: You are occasionally teleported next to
                  | monsters. [potion of mutation]
 49536 | Elf:2    | Gained mutation: You are agile. (Dex +2) [potion of
                  | mutation]
 49536 | Elf:2    | Gained mutation: You have a somewhat thin skeletal
                  | structure. (Dex +2, Stealth) [potion of mutation]
 49536 | Elf:2    | Gained mutation: You have an increased reservoir of magic.
                  | (+10% MP) [potion of mutation]
 49536 | Elf:2    | Gained mutation: Your mind is acute. (Int +2) [potion of
                  | mutation]
 49683 | Elf:2    | Killed a tentacled monstrosity
 49832 | Orc:2    | Bought an uncursed ring of protection from fire for 350
                  | gold pieces
 49906 | Elf:3    | Entered Level 3 of the Elven Halls
 50372 | Elf:3    | Reached skill level 10 in Evocations
 50585 | Elf:3    | Noticed Louise
 50612 | Elf:3    | Killed Louise
 51003 | Elf:3    | Reached skill level 14 in Fighting
 51154 | Elf:3    | Identified the cursed +0 kite shield of Mutualism {rF+
                  | Stlth+}
 51154 | Elf:3    | Noticed Asterion
 51176 | Elf:3    | Killed Asterion
 51377 | Elf:3    | Cast into level 2 of the Abyss (a deep elf sorcerer)
 51533 | Abyss:2  | Reached skill level 13 in Dodging
 51878 | Abyss:2  | Reached skill level 12 in Armour
 52170 | Abyss:2  | Found a stormy altar of Qazlal.
 52311 | Elf:3    | Escaped the Abyss
 52318 | Elf:3    | Reached XP level 20. HP: 50/127 MP: 12/33
 53216 | Elf:3    | Identified the +5 broad axe "Grim" {vorpal, *Corrode +Inv
                  | Str+4 Int+5}
 53629 | Elf:3    | Identified the cursed ring of Lady Luck {EV-4 Str+2}
 54101 | Elf:3    | Noticed a Brimstone Fiend
 54559 | Elf:3    | Noticed a Brimstone Fiend
 54824 | Elf:3    | Identified the +8 triple sword of the Augurer {pain, *Rage
                  | rC- Str+8 Stlth+}
 55000 | Elf:3    | Identified the Guide on the Unholy Glacier
 55429 | Vaults:1 | Entered Level 1 of the Vaults
 55470 | Vaults:1 | Reached skill level 11 in Evocations
 55739 | Vaults:1 | Reached skill level 14 in Bows
 56579 | Vaults:1 | Found Kumm's Jewellery Shop.
 57717 | Vaults:2 | Reached skill level 13 in Armour
 57879 | Vaults:2 | Reached skill level 13 in Invocations
 58361 | Vaults:2 | Reached skill level 14 in Dodging
 58387 | Vaults:2 | Reached XP level 21. HP: 133/133 MP: 11/34
 58835 | Vaults:2 | Reached skill level 15 in Fighting
 59620 | Vaults:3 | You are sucked into a shaft and drop 1 floor!
 59698 | Vaults:4 | Found a runed translucent door.
 59698 | Vaults:4 | Found a shimmering altar of Xom.
 59698 | Vaults:4 | Noticed Addusyru's ghost (veteran DsFi)
 59758 | Vaults:4 | Reached skill level 12 in Evocations
 61086 | Vaults:3 | Identified the +1 kite shield of the Dragon {rElec}
 61086 | Vaults:3 | Noticed Donald
 61098 | Vaults:3 | Killed Donald
 61164 | Vaults:3 | Noticed Margery
 61166 | Vaults:3 | Reached skill level 15 in Bows
 61177 | Vaults:3 | Killed Margery
 61327 | Vaults:3 | Reached skill level 14 in Armour
 61499 | Vaults:3 | Found a staircase to the Crypt.
 62483 | Vaults:4 | Reached XP level 22. HP: 140/140 MP: 11/36
 62666 | Vaults:4 | Reached skill level 15 in Dodging
 62692 | Vaults:4 | Identified the Handbook of Supportive Darkness
 62905 | Vaults:4 | Found Puedujy's Book Emporium.
 63141 | Vaults:4 | Found Edunink's Weapon Boutique.
 63270 | Vaults:4 | Noticed Mara
 63292 | Vaults:4 | Noticed EnegeticOcto's illusion
 63301 | Vaults:4 | Killed Mara
 63301 | Vaults:4 | Reached skill level 14 in Invocations
 64278 | Spider:2 | Killed Firghe Cugemm's ghost
 64280 | Spider:2 | Killed Soniseqa's ghost
 64284 | Spider:2 | Killed Soniseqa's ghost
 64287 | Spider:2 | Killed Fohagg's ghost
 64287 | Spider:2 | Reached skill level 13 in Evocations
 64401 | Spider:2 | Identified the +0 cloak of Bedevilment {rN++ Str+2} (You
                  | found it on level 2 of the Spider Nest)
 64778 | D:15     | Found a staircase to the Depths.
 64798 | Depths:1 | Entered Level 1 of the Depths
 65111 | Depths:1 | Reached skill level 16 in Bows
 65537 | Depths:1 | Found a gateway to Hell.
 65635 | Depths:1 | Reached skill level 15 in Armour
 65763 | Depths:1 | Noticed the Enchantress
 65772 | Depths:1 | Killed the Enchantress
 66293 | Depths:2 | Found a one-way gate to the infinite horrors of the Abyss.
 66587 | Depths:2 | Reached skill level 16 in Dodging
 66645 | Depths:2 | Reached skill level 17 in Bows
 66797 | Depths:2 | Reached XP level 23. HP: 67/144 MP: 6/37
 67283 | Depths:2 | Noticed a juggernaut
 67308 | Depths:2 | Killed a juggernaut
 67610 | Depths:2 | Reached skill level 14 in Evocations
 68291 | Depths:2 | Found a gateway to a ziggurat.
 68606 | Depths:3 | Reached skill level 18 in Bows
 69192 | Depths:3 | Found a one-way gate leading to the halls of Pandemonium.
 69306 | Depths:3 | Reached skill level 16 in Armour
 69684 | Depths:3 | Found a corrupted altar of Lugonu.
 70296 | Depths:3 | Noticed a greater mummy
 70321 | Depths:3 | Killed a greater mummy
 70528 | Depths:3 | Noticed a greater mummy
 70628 | Depths:3 | Killed a greater mummy
 70899 | Depths:3 | Noticed a greater mummy
 70900 | Depths:3 | Found the +7 sceptre of Torment {pain, torment}
 70936 | Depths:3 | Killed a greater mummy
 72082 | Depths:4 | Noticed Mennas
 72125 | Depths:4 | Reached skill level 15 in Evocations
 72680 | Depths:5 | Entered Level 5 of the Depths
 72695 | Depths:4 | Reached XP level 24. HP: 136/151 MP: 27/38
 72877 | Depths:5 | Reached skill level 16 in Fighting
 73001 | Depths:5 | Found a flickering gateway to a bazaar.
 73013 | Bazaar   | Entered a bazaar
 73026 | Bazaar   | Found Larewk's Book Shoppe.
 73026 | Bazaar   | Found Dasuw's General Store.
 73062 | Bazaar   | Found Nusaaf's Food Emporium.
 73062 | Bazaar   | Found Reanis's Distillery.
 73080 | Bazaar   | Bought a potion of curing for 33 gold pieces
 73080 | Bazaar   | Bought a potion of haste for 110 gold pieces
 73080 | Bazaar   | Bought a potion of invisibility for 88 gold pieces
 73080 | Bazaar   | Bought a potion of cancellation for 88 gold pieces
 73080 | Bazaar   | Bought 2 potions of mutation for 176 gold pieces
 73080 | Bazaar   | Bought a potion of heal wounds for 55 gold pieces
 73080 | Bazaar   | Bought a potion of might for 44 gold pieces
 73080 | Bazaar   | Bought a potion of heal wounds for 55 gold pieces
 73101 | Bazaar   | Bought a potion of might for 40 gold pieces
 73101 | Bazaar   | Bought a scroll of fear for 35 gold pieces
 73101 | Bazaar   | Bought a throwing net for 30 gold pieces
 73101 | Bazaar   | Bought a potion of haste for 100 gold pieces
 73101 | Bazaar   | Bought a wand of acid (5) for 180 gold pieces
 73101 | Bazaar   | Bought a scroll of holy word for 75 gold pieces
 73434 | Depths:5 | Reached skill level 19 in Bows
 74194 | Depths:5 | Found a gate to the Realm of Zot.
 76302 | Vaults:3 | Reached skill level 20 in Bows
 76371 | Vaults:3 | Reached skill level 17 in Fighting
 76498 | Crypt:1  | Entered Level 1 of the Crypt
 77951 | Crypt:2  | Reached skill level 18 in Fighting
 78143 | Crypt:2  | Reached XP level 25. HP: 138/163 MP: 30/38
 78353 | Crypt:2  | Identified the +0 cloak "Keqew" {rC+ Str+4 Int+2} (You
                  | found it on level 2 of the Crypt)
 78416 | Crypt:2  | Found a basalt altar of Yredelemnul.
 78972 | Crypt:3  | Entered Level 3 of the Crypt
 79138 | Crypt:2  | Reached skill level 19 in Fighting
 80610 | Crypt:3  | Reached skill level 20 in Fighting
 81434 | Crypt:3  | Found a staircase to the Tomb.
 82260 | Crypt:3  | Noticed an ancient lich
 82271 | Crypt:3  | Killed an ancient lich
 82277 | Crypt:3  | Identified the cursed +1 great mace "Fuidduin" {vorpal,
                  | Int+4} (You found it on level 3 of the Crypt)
 82297 | Crypt:3  | Identified the Volume of Evil Rituals
 82427 | Crypt:1  | Reached skill level 21 in Fighting
 82817 | Slime:1  | Entered Level 1 of the Pits of Slime
 83027 | Slime:2  | Noticed Dissolution
 83039 | Slime:1  | Killed Dissolution
 83039 | Slime:1  | Reached XP level 26. HP: 177/177 MP: 36/38
 83651 | Slime:5  | Entered Level 5 of the Pits of Slime
 84092 | Slime:5  | Noticed the Royal Jelly
 84101 | Slime:5  | Killed the Royal Jelly
 84101 | Slime:5  | Reached skill level 22 in Fighting
 84342 | Slime:5  | Identified the +0 hand crossbow of Areuhulu {speed, Int+7
                  | Dex-5} (You found it on level 5 of the Pits of Slime)
 84360 | Slime:5  | Identified the ring of Yliuchie {Wiz rPois rF++ rN+} (You
                  | found it on level 5 of the Pits of Slime)
 84399 | Slime:5  | Identified the +6 scale mail of the Constellations {rN++
                  | MR-} (You found it on level 5 of the Pits of Slime)
 84422 | Slime:5  | Got a slimy rune of Zot
 84424 | Slime:5  | Identified the +11 broad axe of the Key {venom, rF+ rC+}
                  | (You found it on level 5 of the Pits of Slime)
 84440 | Slime:5  | Identified the +10 battleaxe of Nalepre {freeze, Int+4}
                  | (You found it on level 5 of the Pits of Slime)
 85271 | Zot:1    | Entered Level 1 of the Realm of Zot
 85429 | Zot:1    | HP: 7/181 [yellow draconian monk (27)]
 85429 | Zot:1    | Slain by a yellow draconian monk

Illustrated notes

Levels and vault maps discovered:
D:1:      nicolae_arrival_somewhat_less_tricky_arrival, layout_rooms
D:2:      layout_basic, makhleb_heckhound_becter, first_ration
D:3:      layout_loops_ring, lemuel_doored_altar,
          grunt_dithmenos_smoke_and_mirrors, columned_hall_lemuel, uniq_sigmund,
          uniq_terence
D:4:      layout_loops_ring, enter_ossuary_1, uniq_robin,
          uniq_crazy_yiuf_cottage
D:5:      layout_cave_pods, fedhas_altar_1, uniq_eustachio
D:6:      layout_gridville, temple_fountains
D:7:      layout_gridville
D:8:      cheibrodos_steamvent, layout_gridville
D:9:      layout_roguey, nicolae_benzene_ring
D:10:     layout_stronghold, david_lair_generic, serial_shops,
          nicolae_shop_temple_entry_statues_fountains
D:11:     layout_roguey, uniq_erica
D:12:     layout_irregular_city, david_orc_1_choice
D:13:     layout_roguey, gammafunk_ghost_crypt, uniq_josephine
D:14:     layout_basic, grunt_vaults_entry_tiered,
          chequers_serial_rivers_micro_b, hangedman_little_slice_of_home
D:15:     grunt_enter_depths_magical_seal, layout_rooms, corexii_hall_statues_t,
          portal_ice_cave_entry_ice_beasts
Lair:1:   layout_loops_ring, minmay_lair_oklob_items, grunt_megastairs_2
Lair:2:   layout_roguey, nicolae_swamp_entry_splash_gauntlet,
          spider_nest_entry_web_field, gammafunk_ghost_cemetery, serial_rivers,
          chequers_serial_rivers_small_a, chequers_serial_rivers_small_b,
          chequers_serial_rivers_room_a, chequers_serial_rivers_small_3,
          chequers_serial_rivers_small_a, grunt_forest_stairs_clearing
Lair:3:   layout_regular_city, serial_rivers, chequers_serial_rivers_micro_b,
          chequers_serial_rivers_micro_e, chequers_serial_rivers_micro_b,
          chequers_serial_rivers_micro_a
Lair:4:   layout_gridlike, infiniplex_staircase_pool_2, uniq_urug
Lair:5:   layout_hall_layers, slime_altar_1, ebering_ghost_inner_flame,
          grunt_megastairs_4, uniq_rupert
Lair:6:   evilmike_catoblepas_cave, layout_misc_corridors, serial_bayou_shore_b
Swamp:1:  layout_basic_swamp, evilmike_swamp_ruin_rubble_2
Swamp:2:  layout_falls_marsh, evilmike_swamp_ruin_house_3, swamp_pool1,
          roderic_carrion_pond
Swamp:3:  layout_basic_swamp, evilmike_swamp_ruin_rubble_1,
          lemuel_altar_in_water, infiniplex_staircase_pool
Swamp:4:  swamp_icy, layout_basic_swamp, nicolae_swamp_snake_nest
Spider:1: layout_spider_delve, ebering_ghost_rock_garden, uniq_roxanne
Spider:2: layout_chambers, gammafunk_ghost_cemetery, hive_lemuel,
          nicolae_spider_cling_halls
Spider:3: spiders_nest_scorpion_pit, drop_trap,
          hangedman_spider_tarantella_strand
Spider:4: grunt_spider_rune_circles
Slime:1:  layout_caves
Slime:2:  layout_caves, dissolution_awaits
Slime:3:  layout_caves, cheibrodos_slime_lost_civilization_6
Slime:4:  layout_caves, nicolae_slime_welcoming_committee
Slime:5
Orc:1:    layout_caves, enter_volcano_3, basic_altar
Orc:2:    st_orc_town, layout_diamond_mine, serial_shops, shop, uniq_saint_roka
Elf:1:    minmay_elf_arrival_plus, layout_loops_corners, serial_shops,
          shop_fountains, kennysheep_underground_church
Elf:2:    layout_onion_city, ploomutoo_gammafunk_ghost_potion_laboratory,
          serial_shops, shop, grunt_ministairs_15, minivault_11
Elf:3:    minmay_elf_hall_not_hex, layout_geoelf_castle,
          serial_sigils_hangedman_leer, minivault_28, uniq_asterion, uniq_louise
Vaults:1: v_misc_26, v_pattern_5, nicolae_vaults_network_barrier,
          nicolae_vaults_network_quinsquares
          [nicolae_vaults_network_quincunx_subvault,
          nicolae_vaults_network_quincunx_subvault,
          nicolae_vaults_network_quincunx_subvault,
          nicolae_vaults_network_quincunx_subvault], v_alt_pattern_3,
          vaults_dpeg_diagonal, nicolae_vaults_gold_heap,
          ontoclasm_vaults_decontamination, layout_vaults_omnigrid,
          serial_shops, shop
Vaults:2: v_rooms_6, st_octagons_2, ontoclasm_vaults_misaligned,
          vaults_dpeg_hooks, nicolae_vaults_what_the_h, hangedman_vaults_locks,
          hangedman_vaults_trim, vaults_dpeg_encased_lava,
          layout_vaults_omnicross
Vaults:3: nicolae_vaults_angled_halls, v_misc_1, v_misc_11,
          hangedman_vaults_corner, minmay_crypt_entry_simple_statues,
          vaults_standard_mumra_x, grunt_vaults_focal, hangedman_vaults_slice,
          hangedman_vaults_trim, v_misc_22, layout_vaults_chaotic_city,
          uniq_margery, uniq_donald
Vaults:4: ebering_vaults_ghost_xom, hangedman_vaults_stitches,
          nicolae_vaults_mini_display_case, ontoclasm_vaults_twist,
          hangedman_vaults_impose, v_misc_30, v_alt_pattern_6,
          nicolae_vaults_network_square, hangedman_vaults_hat,
          vaults_room_hangedman_quadrants, ontoclasm_vaults_shuriken,
          nicolae_vaults_asterisk, layout_vaults_ring, serial_shops, shop, shop,
          uniq_mara
Crypt:1:  layout_misc_corridors, grunt_crypt_arrival_guarded_gate,
          grunt_megastairs_1
Crypt:2:  layout_misc_corridors, basic_altar
Crypt:3:  due_elkab, layout_chaotic_city, grunt_ministairs_12
Depths:1: layout_cave_pools, hell_entry, due_unseen_surprise, uniq_enchantress
Depths:2: minmay_the_grid_four_pointed_star
          [minmay_the_grid_triangle_9x9_limited_checkers,
          minmay_the_grid_triangle_9x9_warning,
          minmay_the_grid_triangle_9x9_pentomino_pain,
          minmay_the_grid_triangle_9x9_alien, minmay_the_grid_prize_big_room],
          layout_gridville, enter_ziggurat_d, hell_entry, abyss_entry,
          chequers_serial_rivers_micro_b, dk_noncrumbling_2,
          minmay_fire_ice_demons, infiniplex_staircase_pillars_1
Depths:3: minmay_guarded_unrand_sceptre_of_torment, layout_honeycomb,
          hell_entry, pan_entry, minmay_misc_feat_hallway, abyss_entry,
          tgw_lugonu_bribe
Depths:4: wad_cavern_with_rooms, layout_cave_pools, kennysheep_nub,
          pf_dread_powers_of_hell, abyss_entry, minmay_staircase_statues,
          uniq_mennas
Depths:5: grunt_zot_entry_gee_three, layout_long_grid, serial_shops,
          bzr_firewalk, lightli_too_deep
Zot:1:    lemuel_acid_trip, layout_cathedral_of_symmetry,
          gammafunk_ghost_wrathful_warriors

Skill      XL: |  1  2  3  4  5  6  7  8  9 10 11 12 13 14 15 16 17 18 19 20 21 22 23 24 25 26 |
---------------+-------------------------------------------------------------------------------+-----
Fighting       | 1 2 3 4 5 9 10 11 12 13 14 15 18 21 22 | 22.9
Invocations    | 2 4 6 7 8 9 10 11 12 13 14 | 14.0
Bows           | 5 7 9 10 11 12 13 14 15 17 18 20 | 20.0
Armour         | 3 4 6 8 10 11 12 13 14 15 16 | 16.3
Dodging        | 4 6 8 10 11 12 13 14 16 | 16.9
Evocations     | 4 6 7 8 9 10 11 12 13 15 | 15.0
Maces & Flails | 2 9 13 17 18 19 20 | 20.0
Short Blades   | |  1.1
Stealth        | |  3.0
Spellcasting   | |  2.0
Hexes          | |  2.1

Action                   |  1- 3 |  4- 6 |  7- 9 | 10-12 | 13-15 | 16-18 | 19-21 | 22-24 | 25-27 || total
-------------------------+-------+-------+-------+-------+-------+-------+-------+-------+-------++-------
Melee: Dagger            |   111 |   239 |    60 |       |       |       |       |       |       ||   410
       Kick              |    25 |    66 |    18 |     2 |   312 |   400 |   567 |   641 |   372 ||  2403
       Peck              |     9 |    49 |    11 |     1 |   185 |   262 |   363 |   418 |   228 ||  1526
       Great mace        |       |       |       |     4 |  1229 |  1504 |  1090 |   960 |   433 ||  5220
       Headbutt          |       |       |       |       |       |       |   353 |   406 |   221 ||   980
       Demon whip        |       |       |       |       |       |       |   410 |   497 |   238 ||  1145
       Eveningstar       |       |       |       |       |       |       |       |       |    15 ||    15
 Fire: Shortbow          |       |       |   187 |   834 |   287 |       |       |       |       ||  1308
       Longbow           |       |       |       |       |       |   419 |   213 |   729 |   493 ||  1854
Throw: Stone             |    24 |       |       |       |       |       |       |       |       ||    24
       Boomerang         |     7 |    27 |     1 |       |     1 |       |       |       |       ||    36
       Dart              |     4 |    10 |       |       |     6 |       |    21 |     9 |       ||    50
 Cast: Corona            |    14 |       |       |       |       |       |       |       |       ||    14
       Apportation       |       |       |       |       |       |       |     9 |       |       ||     9
Invok: Minor Destruction |       |    18 |   260 |   281 |    59 |     1 |       |       |       ||   619
       Lesser Servant of |       |       |     2 |    10 |     9 |    15 |     2 |     4 |       ||    42
       Major Destruction |       |       |       |     6 |     6 |       |       |       |       ||    12
       Greater Servant o |       |       |       |       |       |     1 |     1 |     2 |       ||     4
 Abil: Fly               |       |     1 |       |       |       |       |       |     4 |       ||     5
       Stop Flying       |       |       |       |       |       |       |       |     4 |     1 ||     5
Evoke: Wand              |       |       |       |    13 |    12 |     6 |    13 |    11 |     7 ||    62
       Tin of tremorston |       |       |       |       |     3 |     3 |     6 |     3 |     5 ||    20
       Box of beasts     |       |       |       |       |       |     2 |       |       |       ||     2
       Phial of floods   |       |       |       |       |       |     1 |     2 |     2 |       ||     5
       Lightning rod     |       |       |       |       |       |       |     8 |     2 |       ||    10
       Phantom mirror    |       |       |       |       |       |       |       |     2 |       ||     2
  Use: Scroll            |     3 |     4 |     9 |    13 |    14 |    16 |    10 |    13 |    21 ||   103
       Potion            |       |       |     1 |     2 |     4 |     4 |     8 |     7 |     5 ||    31
 Stab: Distracted        |       |       |       |       |       |     4 |     3 |     7 |     3 ||    17
       Confused          |       |       |       |       |       |     1 |       |       |       ||     1
       Invisible         |       |       |       |       |       |     1 |     2 |       |       ||     3
       Sleeping          |       |       |       |       |       |       |     9 |    11 |    12 ||    32
  Eat: Chunk             |     4 |     5 |    11 |    20 |    25 |    19 |    28 |    18 |       ||   130
       Ration            |       |     1 |     2 |     4 |     5 |     8 |     5 |     9 |     6 ||    40
Armor: Robe              |    10 |       |       |       |       |       |       |       |       ||    10
       Plate armour      |    41 |    23 |       |       |       |    63 |   302 |       |       ||   429
       Chain mail        |       |    63 |    20 |       |   694 |  1072 |       |       |       ||  1849
       Scale mail        |       |       |    53 |       |       |       |       |    98 |   175 ||   326
       Steam dragon scal |       |       |    13 |   120 |     2 |       |       |       |       ||   135
       Ring mail         |       |       |       |       |       |       |   134 |   232 |       ||   366
Dodge: Dodged            |    34 |    42 |   135 |   423 |  1078 |  1451 |  1048 |  1382 |   636 ||  6229

Table legend:
 A = Non-vault XP
 B = Vault XP
 C = Vault XP percentage of total XP
 D = Non-vault monster count
 E = Vault monster count
 F = Vault count percentage of total count
                 A         B        C        D         E       F
            +---------+---------+-------+---------+---------+-------
      Total |  672931 |  521187 |  43.6 |    1618 |     766 |  32.1
            +---------+---------+-------+---------+---------+-------
        D:1 |      35 |       0 |   0.0 |      22 |       0 |   0.0
        D:2 |      88 |      42 |  32.3 |      16 |       1 |   5.9
        D:3 |      64 |     256 |  80.0 |      24 |       2 |   7.7
        D:4 |     384 |      76 |  16.5 |      31 |      11 |  26.2
        D:5 |     587 |     191 |  24.6 |      16 |       1 |   5.9
        D:6 |     194 |       0 |   0.0 |      11 |       0 |   0.0
        D:7 |     662 |       0 |   0.0 |      19 |       0 |   0.0
        D:8 |    2728 |     383 |  12.3 |      44 |       2 |   4.3
        D:9 |    2664 |       0 |   0.0 |      26 |       0 |   0.0
       D:10 |    3336 |     855 |  20.4 |      39 |       4 |   9.3
       D:11 |    4366 |     918 |  17.4 |      27 |       1 |   3.6
       D:12 |    8290 |     881 |   9.6 |      35 |       9 |  20.5
       D:13 |    8264 |   12360 |  59.9 |      33 |      10 |  23.3
       D:14 |    7295 |    8459 |  53.7 |      24 |      34 |  58.6
       D:15 |   12424 |    5995 |  32.5 |      38 |      18 |  32.1
     Lair:1 |    3659 |    1272 |  25.8 |      15 |       4 |  21.1
     Lair:2 |    2716 |    1366 |  33.5 |      17 |       9 |  34.6
     Lair:3 |    2958 |       0 |   0.0 |       9 |       0 |   0.0
     Lair:4 |    5818 |     182 |   3.0 |      25 |       1 |   3.8
     Lair:5 |    2580 |    4116 |  61.5 |      14 |       6 |  30.0
     Lair:6 |    9482 |   11626 |  55.1 |      38 |      23 |  37.7
    Swamp:1 |    4619 |       0 |   0.0 |      10 |       0 |   0.0
    Swamp:2 |   15135 |     370 |   2.4 |      45 |       3 |   6.2
    Swamp:3 |    8555 |       0 |   0.0 |      18 |       0 |   0.0
    Swamp:4 |   18751 |   10994 |  37.0 |      41 |      40 |  49.4
   Spider:1 |   12310 |    1978 |  13.8 |      41 |       1 |   2.4
   Spider:2 |   15595 |    7048 |  31.1 |      47 |      20 |  29.9
   Spider:3 |   12842 |    8596 |  40.1 |      29 |      21 |  42.0
   Spider:4 |   16038 |   26071 |  61.9 |      45 |      39 |  46.4
    Slime:1 |   11805 |   14882 |  55.8 |      29 |       1 |   3.3
    Slime:2 |    2429 |       0 |   0.0 |       1 |       0 |   0.0
    Slime:3 |     811 |       0 |   0.0 |       3 |       0 |   0.0
    Slime:4 |    3285 |    1555 |  32.1 |      12 |       6 |  33.3
    Slime:5 |   14323 |   29159 |  67.1 |      18 |      11 |  37.9
      Orc:1 |    3910 |     815 |  17.2 |      36 |       6 |  14.3
      Orc:2 |    1548 |   11551 |  88.2 |      32 |      73 |  69.5
      Elf:1 |   15500 |    4945 |  24.2 |      26 |       8 |  23.5
      Elf:2 |    6705 |   29637 |  81.6 |      12 |      33 |  73.3
      Elf:3 |   15915 |   51746 |  76.5 |      25 |      43 |  63.2
   Vaults:1 |   18966 |   12175 |  39.1 |      45 |      20 |  30.8
   Vaults:2 |   28104 |   23071 |  45.1 |      55 |      32 |  36.8
   Vaults:3 |   27417 |   31870 |  53.8 |      55 |      31 |  36.0
   Vaults:4 |   12345 |   35629 |  74.3 |      26 |      42 |  61.8
    Crypt:1 |   29212 |    3911 |  11.8 |      57 |       4 |   6.6
    Crypt:2 |   45788 |       0 |   0.0 |      60 |       0 |   0.0
    Crypt:3 |   33003 |   55478 |  62.7 |      42 |      62 |  59.6
   Depths:1 |   28741 |   15581 |  35.2 |      36 |      16 |  30.8
   Depths:2 |   36114 |   31609 |  46.7 |      44 |      41 |  48.2
   Depths:3 |   33344 |   20765 |  38.4 |      51 |       5 |   8.9
   Depths:4 |   37074 |    5435 |  12.8 |      42 |       5 |  10.6
   Depths:5 |   43551 |   33920 |  43.8 |      43 |      20 |  31.7
      Zot:1 |   20107 |       0 |   0.0 |      14 |       0 |   0.0
    Abyss:2 |   20495 |    3066 |  13.0 |      55 |       8 |  12.7
    Ossuary |       0 |     352 | 100.0 |       0 |      39 | 100.0
            +---------+---------+-------+---------+---------+-------
